 Dungeon Crawl Stone Soup version 0.29.1-2-gbd0b4ee654 (webtiles) character file.

Game seed: 3271398298169420225

59 warriortoast the Digger (level 4, -6/24 HPs)
             Began as a Gargoyle Earth Elementalist on Nov 1, 2022.
             Mangled by Crazy Yiuf
             ... wielding a +4 quarterstaff of chaos
              (12 damage)
             ... on level 3 of the Dungeon.
             The game lasted 00:07:10 (3401 turns).

warriortoast the Digger (GrEE)                      Turns: 3401, Time: 00:07:10

Health: -6/24      AC:  5    Str: 14    XL:     4   Next: 3%
Magic:  4/7        EV: 12    Int: 15    God:
Gold:   15         SH:  0    Dex: 16    Spells: 7/8 levels left

rFire   . . .      SeeInvis .   k - +0 war axe
rCold   . . .      Faith    .   (no shield)
rNeg    + + .      Spirit   .   a - +0 robe
rPois   ∞          Reflect  .   (no helmet)
rElec   +          Harm     .   (no cloak)
rCorr   .          Rampage  .   (no gloves)
Will    .....                   (no boots)
Stlth   ++........              (no amulet)
HPRegen 0.08/turn               o - ring of positive energy
MPRegen 0.10/turn               r - +6 ring of dexterity

@: no status effects
A: sickness immunity, AC +3, negative energy resistance 1, electricity
resistance, torment resistance 1, petrification resistance
a: no special abilities


You were on level 3 of the Dungeon.
You visited 1 branch of the dungeon, and saw 3 of its levels.

You collected 106 gold pieces.
You spent 91 gold pieces at shops.

Inventory:

Hand Weapons
 g - a +0 spear
 k - a +0 war axe (weapon)
Armour
 a - a +0 robe (worn)
 p - a +0 scale mail
Jewellery
 o - a ring of positive energy (left hand)
 r - a +6 ring of dexterity (right hand)
Wands
 m - a wand of flame (15)
Scrolls
 d - 2 scrolls of noise {unknown}
 e - 3 scrolls of summoning {unknown}
 h - a scroll of brand weapon {unknown}
 i - a scroll of blinking {unknown}
 l - a scroll of identify
 s - a scroll of teleportation
Potions
 b - a potion of magic
 c - 2 potions of heal wounds
 f - 5 potions of curing
 j - a potion of brilliance
 n - a potion of might
 q - a potion of invisibility {unknown}


   Skills:
 - Level 1.5 Dodging
 - Level 2.1 Stealth
 + Level 2.5 Spellcasting
 + Level 1.6 Conjurations
 + Level 1.5 Transmutations
 + Level 4.3 Earth Magic


You had 7 spell levels left.
You knew the following spells:

 Your Spells              Type           Power      Damage    Failure   Level
a - Sandblast             Erth           28%        2d8       3%          1

Your spell library contained the following spells:

 Spells                   Type           Power      Damage    Failure   Level
 Passwall                 Tmut/Erth      8%         N/A       10%         2
 Stone Arrow              Conj/Erth      20%        3d8       19%         3
 Poisonous Vapours        Pois/Air       2%         N/A       32%         2
 Petrify                  Tmut/Erth      10%        N/A       52%         4
 Gell's Gravitas          Tloc           1%         N/A       54%         3
 Teleport Other           Tloc           1%         N/A       54%         3
 Corpse Rot               Necr/Pois/Air  1%         N/A       91%         4
 Dispersal                Tloc           0%         N/A       100%        6


Dungeon Overview and Level Annotations

Branches:
Dungeon (3/15)

Altars:

Shops:
D:3 ?

Annotations:
D:3 Crazy Yiuf, Grinder


Innate Abilities, Weirdness & Mutations

You are immune to sickness and miasma.
Your stone body is resilient. (AC +3)
You are immune to poison.
You resist negative energy. (rN+)
You are resistant to electric shocks. (rElec)
You are resistant to unholy torment.
You are immune to petrification.


Message History

You open the door.
There is an open door here.
There is an open door here.
You see here a bat corpse.
You see here a +0 mace.
You see here a +0 mace.
d - 2 scrolls labelled XAONOKK SUTZ (gained 1)
You see here a +1 short sword of speed.
No target in view!
No target in view!
There is an open door here.
Press: ? - help, v - describe, . - travel The floor.
You open the door.
The blast of sand hits Crazy Yiuf.
Crazy Yiuf is moderately wounded.
Crazy Yiuf hits you with a +4 quarterstaff of chaos! x2
Crazy Yiuf freezes you.
* * * LOW HITPOINT WARNING * * *
You are too injured to fight recklessly!
You are too injured to fight recklessly!
Casting: Sandblast (safe; 3% risk of failure)
Confirm with . or Enter, or press ? or * to list all spells.
Aiming: Sandblast (safe; 3% risk of failure)
Press: ? - help, Shift-Dir - straight line, f/p - Crazy Yiuf
Aim: Crazy Yiuf, wielding a +4 quarterstaff of chaos and wearing a +0 cloak (moderately wounded, 84% to hit)
The blast of sand hits Crazy Yiuf.
Crazy Yiuf is heavily wounded.
Crazy Yiuf drinks a potion.
Crazy Yiuf is healed!
Casting: Sandblast (safe; 3% risk of failure)
Confirm with . or Enter, or press ? or * to list all spells.
Aiming: Sandblast (safe; 3% risk of failure)
Press: ? - help, Shift-Dir - straight line, f/p - Crazy Yiuf
Aim: Crazy Yiuf, wielding a +4 quarterstaff of chaos and wearing a +0 cloak (lightly wounded, 84% to hit)
The blast of sand hits Crazy Yiuf.
Crazy Yiuf is heavily wounded.
Crazy Yiuf grits, "Mugger water childish!"
Crazy Yiuf hits you with a +4 quarterstaff of chaos!
Ouch! That really hurt!
You die...

####.........#
#......###########
...'.......###
#######'.#
####.......# ##.#
# #.......# #####
#.# # ####....#
#)..# #.# # #....#
#...# ##.##### #
#....# ...
#......# # ######
#g# #......##### #
♣@♣♣ #......'....
# ♣♣.♣
#......##### #
♣.♣♣ #......# #
♣♣.♣ #......# #
♣♣.♣♣ #......# #
♣♣PP.♣ #......#
############
♣..P.♣ #......#
...........#
#+..+# #.....[#
############
#....# #.######


You could see Crazy Yiuf.

Vanquished Creatures
  An adder (D:2)
  2 dart slugs
  An orc (D:2)
  4 endoplasms
  A giant cockroach (D:1)
  5 goblins
  3 hobgoblins (D:2)
  2 quokkas
  3 ball pythons
  7 bats
  2 frilled lizards (D:1)
  7 kobolds
  2 rats (D:2)
40 creatures vanquished.

Notes
Turn   | Place    | Note
-------+----------+-------------------------------------------
     0 | D:1      | warriortoast the Gargoyle Earth Elementalist began the
                  | quest for the Orb.
     0 | D:1      | Reached XP level 1. HP: 10/10 MP: 3/3
   132 | D:1      | Reached skill level 1 in Transmutations
   167 | D:1      | Reached XP level 2. HP: 15/15 MP: 1/5
   393 | D:1      | Reached skill level 1 in Conjurations
   571 | D:1      | Reached skill level 4 in Earth Magic
   838 | D:1      | Reached XP level 3. HP: 19/19 MP: 4/6
  2352 | D:3      | Noticed Grinder
  2641 | D:3      | Found a runed translucent door.
  2642 | D:3      | Noticed Crazy Yiuf
  2749 | D:3      | Found Suplav's Magic Scroll Emporium.
  2784 | D:3      | Bought a scroll of identify for 26 gold pieces
  2784 | D:3      | Bought a scroll of teleportation for 39 gold pieces
  2784 | D:3      | Bought a scroll of identify for 26 gold pieces
  2823 | D:3      | Reached XP level 4. HP: 24/24 MP: 4/7
  3401 | D:3      | Mangled by Crazy Yiuf

Illustrated notes

Levels and vault maps discovered:
D:1:      lightli_arrival_quake, layout_basic
D:2:      layout_loops_corners, minmay_misc_feat_room,
          minmay_misc_feat_diagonals
D:3:      layout_basic, hellmonk_ecumenical_altar_inner_sanctum, serial_shops,
          shop, uniq_crazy_yiuf_cottage, uniq_grinder

Skill      XL: |  1  2 |
---------------+-------+-----
Transmutations | 1 |  1.5
Conjurations   | 1 |  1.6
Earth Magic    | 4 |  4.3
Dodging        | |  1.5
Stealth        | |  2.1
Spellcasting   | |  2.5

Action                   |  1- 3 |  4- 6 || total
-------------------------+-------+-------++-------
Melee: Unarmed           |     4 |       ||     4
 Cast: Sandblast         |    47 |     6 ||    53
  Use: Scroll            |     4 |       ||     4
Armor: Robe              |     8 |       ||     8
Dodge: Dodged            |     7 |     2 ||     9
